cohdb
Replays
Latest Replays
All Replays
Popular Replays
Top Player Replays
Match Explorer
How It Works
Community
CoH3 Stats
Reddit
Sign in to upload your games and track your stats! →
Sign in with Steam
Match 43127380
Unlisted
Match 43127380
Overview
Messages
Build Orders
End
Selects Italian Infantry
Panzerpioneer Squad
250 Light Carrier
Construct Light Support Kompanie
Panzerjäger Squad
2.5-tonne Medical Truck
MG34 Team
Combat Half-tracks
Fire Support Elements
Selects Guastatori Squad
Selects Guastatori Squad
Selects L6/40 Light Tank Combat Group
Flakvierling Half-track
Pak 38 Mechanized Group
Guastatori Squad
Construct Mechanized Kompanie
StuG III D Assault Gun
Selects Sound the Alarm
Selects Territory Booby Traps
Guastatori Squad
Panzerjäger Squad
Marder III Tank Destroyer
le.IG 18 Mechanized Group
Construct Panzerarmee Kommand
Selects Obice 305mm Barrage
Walking Stuka Rocket Launcher
Obice 305mm Barrage
Armored Reserves
Obice 305mm Barrage
Tiger Heavy Tank
Selects Towed Cannone da 105/28 Field Howitzer
Advanced Optics
Tungsten Core Ammunition
Rapid Advance
Obice 305mm Barrage
Flak 36 Anti-tank Gun Team
Agrippa
CROffizier
UhaveNoShame:/
Sak0ui#55
TheBalkanSlav
JBossch
demons55555
admiral_gnar
0
0
Comments
sign in to comment!
No comments posted yet!